[Event "November 21 Late 2023"]
[Site "https://www.chess.com"]
[Date "2023.11.21"]
[Round "2"]
[White "Thake, Conrad"]
[Black "Melikhov, Evgeny V."]
[Result "1-0"]
[Board "171"]
[TimeControl "180+1"]
[WhiteFideId "5602947"]
[BlackFideId "4122046"]
[WhiteElo "1685"]
[BlackElo "2165"]
[WhiteTeam "MLT"]
[BlackTeam "GRE"]
[WhiteClock "0:00:41"]
[BlackClock "0:00:00"]

1. e4 c5 2. Nf3 d6 3. d4 cxd4 4. Nxd4 Nf6 5. Nc3 a6 6. Be3 e5 7. Nb3 Be6 8. f3 Be7 9. Qd2 O-O 10. O-O-O b5 11. g4 Nbd7 12. Kb1 Nb6 13. g5 Nh5 14. Nd5 Nxd5 15. exd5 Bf5 16. h4 Ng3 17. Rg1 Nxf1 18. Rdxf1 a5 19. h5 g6 20. hxg6 fxg6 21. Rh1 Rf7 22. Nc1 b4 23. Ne2 Rc8 24. Rc1 Qd7 25. Ng3 Qb5 26. Nxf5 Rxf5 27. Rcd1 a4 28. Rh3 b3 29. cxb3 axb3 30. a3 Rc2 31. Qd3 Qxd3 32. Rxd3 e4 33. Rxb3 Re2 34. fxe4 Rf1+ 35. Ka2 Rg2 36. Rb8+ Rf8 37. Rxf8+ Bxf8 38. a4 Bg7 39. Bc1 Rg1 40. Kb1 Be5 41. Rf3 Re1 42. a5 Rxe4 43. Ra3 Re1 44. a6 Bf4 45. Rc3 Re4 46. Bxf4 Rxf4 47. Ra3 Rf8 48. a7 Ra8 49. b4 h5 50. b5 h4 51. b6 1-0

[Event "November 21 Late 2023"]
[Site "https://www.chess.com"]
[Date "2023.11.21"]
[Round "2"]
[White "Martins, Vinicius Tine"]
[Black "Burke, Paul"]
[Result "1-0"]
[Board "172"]
[TimeControl "180+1"]
[WhiteFideId "2112884"]
[BlackFideId "2605767"]
[WhiteElo "2373"]
[BlackElo "1848"]
[WhiteTeam "BRA"]
[BlackTeam "CAN"]
[WhiteClock "0:00:55"]
[BlackClock "0:00:00"]

1. d4 Nf6 2. Bf4 d6 3. Nf3 g6 4. c4 Bg7 5. Nc3 O-O 6. h3 Nc6 7. e3 Re8 8. Be2 h6 9. O-O e6 10. Qc2 Bd7 11. Rfd1 Qe7 12. Bh2 e5 13. Nd5 Nxd5 14. cxd5 Nb4 15. Qb3 exd4 16. Nxd4 a5 17. a3 Na6 18. Bxa6 bxa6 19. Rac1 Rab8 20. Qc2 Bxd4 21. Rxd4 Bf5 22. Qd2 Rb5 23. e4 Bc8 24. Rdc4 a4 25. R1c2 Rb3 26. f3 Qe5 27. Bxe5 1-0

[Event "November 21 Late 2023"]
[Site "https://www.chess.com"]
[Date "2023.11.21"]
[Round "2"]
[White "DAVIDHDZSTS"]
[Black "Qiao, Cindy"]
[Result "1-0"]
[Board "173"]
[TimeControl "180+1"]
[BlackFideId "2620243"]
[WhiteElo "1834"]
[BlackElo "1862"]
[BlackTeam "CAN"]
[WhiteClock "0:01:19"]
[BlackClock "0:01:57"]

1. d4 d5 2. Nc3 Nf6 3. Bf4 e6 4. Nb5 Na6 5. e3 Be7 6. Nf3 O-O 7. Nc3 c5 8. Bxa6 bxa6 9. O-O Bd7 10. Ne5 cxd4 11. exd4 Rc8 12. a3 Qb6 13. Rb1 Qa5 14. Re1 Bxa3 15. Ra1 Rxc3 16. bxc3 Qxc3 17. Nxd7 Nxd7 18. Re3 Qc4 19. Rexa3 h6 20. Rxa6 Nf6 21. Rxa7 Ne4 22. Be5 f6 23. Qh5 fxe5 24. Qg6 1-0

[Event "November 21 Late 2023"]
[Site "https://www.chess.com"]
[Date "2023.11.21"]
[Round "2"]
[White "Marcziter, Dmitrii"]
[Black "Vargas, Mauricio"]
[Result "1-0"]
[Board "174"]
[TimeControl "180+1"]
[WhiteFideId "13900765"]
[BlackFideId "4404572"]
[WhiteElo "2142"]
[BlackElo "1988"]
[WhiteTeam "GER"]
[BlackTeam "COL"]
[WhiteClock "0:00:33"]
[BlackClock "0:00:00"]

1. e4 d5 2. exd5 Qxd5 3. Nc3 Qa5 4. d4 c6 5. Bc4 Nf6 6. Nf3 Bg4 7. h3 Bh5 8. g4 Bg6 9. Ne5 e6 10. h4 Be4 11. Rg1 Bd5 12. Bd3 Bb4 13. Bd2 Nbd7 14. g5 Nxe5 15. dxe5 Nd7 16. a3 Be7 17. Qe2 O-O-O 18. f4 Qb6 19. O-O-O Nc5 20. Be3 Nxd3+ 21. Rxd3 Bc5 22. Bxc5 Qxc5 23. Rgd1 Qc4 24. Qd2 Rd7 25. Rd4 Qa6 26. Ne4 Rhd8 27. Nc5 Qb6 28. Nxd7 Rxd7 29. c4 Qc5 30. Qc3 Bxc4 31. Rxd7 1-0

[Event "November 21 Late 2023"]
[Site "https://www.chess.com"]
[Date "2023.11.21"]
[Round "3"]
[White "Stoyanov, Tsvetan"]
[Black "Nakamura, Hikaru"]
[Result "0-1"]
[Board "1"]
[TimeControl "180+1"]
[WhiteFideId "2917173"]
[BlackFideId "2016192"]
[WhiteElo "2390"]
[BlackElo "2874"]
[WhiteTeam "BUL"]
[BlackTeam "USA"]
[WhiteClock "0:01:22"]
[BlackClock "0:01:56"]

1. c4 b6 2. Nc3 Bb7 3. d4 e6 4. a3 Nf6 5. Nf3 d5 6. cxd5 Nxd5 7. Qc2 Nxc3 8. bxc3 Nd7 9. e4 Be7 10. Bd3 c5 11. O-O Qc7 12. Qe2 O-O 13. a4 Rfd8 14. Ba3 Rac8 15. Rfc1 Bf8 16. h3 Qb8 17. Rab1 c4 18. Bxc4 Bxa3 19. Rd1 Bxe4 20. Qxe4 Rxc4 21. Qd3 Rdc8 22. d5 Rxc3 23. Qb5 Nf8 0-1

[Event "November 21 Late 2023"]
[Site "https://www.chess.com"]
[Date "2023.11.21"]
[Round "3"]
[White "Martinez Alcantara, Jose Eduardo"]
[Black "Fernandez, Daniel"]
[Result "0-1"]
[Board "2"]
[TimeControl "180+1"]
[WhiteFideId "3805662"]
[BlackFideId "2015390"]
[WhiteElo "2703"]
[BlackElo "2396"]
[WhiteTeam "PER"]
[BlackTeam "USA"]
[WhiteClock "0:00:13"]
[BlackClock "0:00:15"]

1. e4 e5 2. Nf3 Nf6 3. Nc3 Nc6 4. h3 Bb4 5. a3 Bxc3 6. dxc3 O-O 7. Bd3 d5 8. Bg5 dxe4 9. Bxf6 Qxf6 10. Bxe4 Bf5 11. Qe2 Rad8 12. O-O Rfe8 13. Rfe1 Bxe4 14. Qxe4 Rd6 15. b4 a6 16. a4 Rde6 17. b5 Na5 18. Qb4 b6 19. bxa6 Ra8 20. Qb5 Nc6 21. Rad1 Qe7 22. Rd5 e4 23. Ng5 Rd6 24. Rxe4 Qd8 25. Rxd6 Qxd6 26. Qf5 Qg6 27. Qd7 Rf8 28. h4 h6 29. Rg4 Ne5 30. Qd4 Nxg4 31. Qxg4 hxg5 32. Qf3 g4 33. Qb7 Qxc2 34. a7 Qd1+ 35. Kh2 Qd8 36. Qa6 Qa8 37. c4 Qc6 38. Kg3 Ra8 39. Kxg4 Qe6+ 40. Kg3 Qc8 41. Qb5 Rxa7 42. f4 Ra5 43. Qc6 Qf5 44. Qxc7 Kh7 45. Qc6 Rc5 46. Qxb6 Rxc4 47. Qd6 Rc3+ 48. Kh2 Qg6 49. Qd1 Qg3+ 50. Kg1 Qxh4 51. Qb1+ g6 52. Qa1 Qg3 53. Qd1 Qe3+ 54. Kh2 Qxf4+ 55. g3 Qxg3+ 56. Kh1 Qf3+ 57. Qxf3 Rxf3 58. a5 Ra3 59. a6 Rxa6 60. Kg2 Re6 61. Kf2 Kg7 62. Kf1 g5 63. Kf2 Kg6 64. Kf1 f5 65. Kf2 g4 66. Kf1 Kg5 67. Kf2 f4 68. Kf1 Kh4 69. Kf2 Kh3 70. Kf1 Kg3 71. Kg1 Re1# 0-1

[Event "November 21 Late 2023"]
[Site "https://www.chess.com"]
[Date "2023.11.21"]
[Round "3"]
[White "Troff, Kayden"]
[Black "Nihal Sarin"]
[Result "1-0"]
[Board "3"]
[TimeControl "180+1"]
[WhiteFideId "2047896"]
[BlackFideId "25092340"]
[WhiteElo "2544"]
[BlackElo "2689"]
[WhiteTeam "USA"]
[BlackTeam "IND"]
[WhiteClock "0:00:04"]
[BlackClock "0:00:02"]

1. d4 d5 2. Nf3 e6 3. Bf4 Nf6 4. e3 Bd6 5. Ne5 O-O 6. Nd2 c5 7. c3 Nc6 8. Bg3 Qc7 9. f4 b6 10. Bd3 Ne7 11. O-O a5 12. Bh4 Ba6 13. Bxa6 Rxa6 14. Bxf6 gxf6 15. Qg4+ Kh8 16. Nef3 Nf5 17. Rae1 cxd4 18. Nxd4 Rg8 19. Qh5 Nxd4 20. cxd4 Qc2 21. Re2 Ra7 22. b3 Qd3 23. Rc1 Ba3 24. Rc6 b5 25. Nf1 f5 26. Rec2 Bb4 27. Rc8 Bf8 28. Qh4 h6 29. R2c7 Rxc7 30. Rxc7 Qe2 31. Qf6+ Bg7 32. Qxf7 Qxa2 33. Qxe6 a4 34. bxa4 bxa4 35. Ra7 a3 36. Qd6 Qe2 37. Rxa3 Bf8 38. Qf6+ Bg7 39. Qe6 Bf8 40. Qf6+ Bg7 41. Qe6 Bf8 42. Qe5+ Bg7 43. Qxd5 Bf8 44. Ra8 Kg7 45. Ra7+ Kh8 46. Qe5+ Bg7 47. Qxf5 Bxd4 48. Qh7# 1-0

[Event "November 21 Late 2023"]
[Site "https://www.chess.com"]
[Date "2023.11.21"]
[Round "3"]
[White "Andreikin, Dmitry"]
[Black "Tatarinov, Dmitry"]
[Result "0-1"]
[Board "4"]
[TimeControl "180+1"]
[WhiteFideId "4158814"]
[BlackFideId "24160067"]
[WhiteElo "2741"]
[BlackElo "2344"]
[WhiteTeam "FID"]
[BlackTeam "RUS"]
[WhiteClock "0:00:10"]
[BlackClock "0:00:59"]

1. e4 c5 2. Nf3 Nc6 3. Bb5 e6 4. O-O Nge7 5. Re1 Nd4 6. Nxd4 cxd4 7. c3 a6 8. Bf1 Nc6 9. a4 a5 10. Na3 Bc5 11. Nb5 O-O 12. b3 d6 13. Bb2 Qb6 14. Qf3 e5 15. Bc4 Be6 16. Bd5 Bxd5 17. exd5 dxc3 18. Bxc3 Nb4 19. Rac1 f5 20. Bxb4 axb4 21. Rc4 Rae8 22. h4 Qd8 23. Qh3 b6 24. d4 exd4 25. Rxe8 Qxe8 26. Qf3 Qe1+ 27. Kh2 Qe5+ 28. g3 f4 29. g4 d3 30. Re4 Qb2 31. Kg2 d2 32. Nc7 Qc2 33. Rxf4 Rxf4 34. Qxf4 d1=Q 35. Ne6 Qxf2+ 36. Qxf2 Bxf2 0-1

[Event "November 21 Late 2023"]
[Site "https://www.chess.com"]
[Date "2023.11.21"]
[Round "3"]
[White "Margvelashvili, Giorgi"]
[Black "Erigaisi Arjun"]
[Result "1-0"]
[Board "5"]
[TimeControl "180+1"]
[WhiteFideId "13602926"]
[BlackFideId "35009192"]
[WhiteElo "2549"]
[BlackElo "2729"]
[WhiteTeam "GEO"]
[BlackTeam "IND"]
[WhiteClock "0:00:09"]
[BlackClock "0:00:04"]

1. Nf3 d6 2. d4 g6 3. e3 Bg7 4. c4 e5 5. Nc3 Ne7 6. dxe5 dxe5 7. Qxd8+ Kxd8 8. b3 e4 9. Nd4 c5 10. Nde2 f5 11. Bb2 Nbc6 12. O-O-O+ Bd7 13. Nf4 Kc8 14. Nb5 Bxb2+ 15. Kxb2 Ne5 16. Be2 Rd8 17. Nc3 b6 18. Ncd5 N7c6 19. h4 Kb7 20. Nf6 a5 21. a4 Nb4 22. Nxh7 Bc6 23. Nf6 Nbd3+ 24. Bxd3 exd3 25. f3 d2 26. N6d5 Bxd5 27. Nxd5 Nd3+ 28. Kc2 Nf2 29. Kxd2 b5 30. axb5 a4 31. Kc3 Rh8 32. g3 Ra7 33. Rhf1 Nxd1+ 34. Rxd1 axb3 35. Kxb3 Rha8 36. Nc3 Ra1 37. Rd7+ Kb6 38. Rd6+ Ka5 39. Rxg6 Rf1 40. f4 Rf3 41. Re6 Rxg3 42. Re5 Kb6 43. h5 Rh3 44. Re6+ Ka5 45. Re5 Kb6 46. Na4+ Ka5 47. Nxc5 Rxh5 48. Nd3 Rh3 49. Kc3 Ka4 50. Re6 Ka3 51. Ra6+ Rxa6 52. bxa6 Rxe3 53. Kd4 Re4+ 54. Kd5 Re8 55. Kc6 Kb3 56. Ne5 Kc3 57. a7 Kd4 58. Kb7 Ke4 59. Ng6 Kd4 60. a8=Q Rxa8 61. Kxa8 Kxc4 62. Kb7 Kd5 63. Kc7 Ke6 64. Kc6 Kf6 65. Nh4 Ke6 66. Kc5 Kf6 67. Kd5 1-0

[Event "November 21 Late 2023"]
[Site "https://www.chess.com"]
[Date "2023.11.21"]
[Round "3"]
[White "Le, Quang Liem"]
[Black "Hambleton, Aman"]
[Result "1/2-1/2"]
[Board "6"]
[TimeControl "180+1"]
[WhiteFideId "12401137"]
[BlackFideId "2606577"]
[WhiteElo "2665"]
[BlackElo "2511"]
[WhiteTeam "VIE"]
[BlackTeam "CAN"]
[WhiteClock "0:00:27"]
[BlackClock "0:00:25"]

1. Nf3 d5 2. e3 c6 3. c4 Bg4 4. cxd5 Bxf3 5. Qxf3 cxd5 6. Nc3 e6 7. d4 Nc6 8. Bd2 Nf6 9. Bd3 Be7 10. g4 a6 11. g5 Nd7 12. h4 Nb6 13. Rc1 Nb4 14. Be2 Rc8 15. a3 Nc6 16. b4 Na7 17. e4 Nc6 18. Be3 Qd7 19. O-O O-O 20. exd5 Nxd5 21. Nxd5 exd5 22. Qg2 Rcd8 23. Bg4 Qd6 24. Rc5 Qb8 25. Rxd5 Rxd5 26. Qxd5 Rd8 27. Qe4 Qd6 28. Rd1 Bf8 29. d5 Ne5 30. Bf4 Re8 31. Kg2 Qb8 32. Be2 Bd6 33. Be3 Ng6 34. Qg4 Nf4+ 35. Bxf4 Bxf4 36. Bf3 Bd6 37. Rc1 Qd8 38. Qf5 g6 39. Qd3 Qe7 40. Rc4 Qe5 41. Re4 Qh2+ 42. Kf1 Rxe4 43. Qxe4 Qh3+ 44. Ke2 Qd7 45. Qd3 Qe7+ 46. Kf1 Qe5 47. Qc4 Kg7 48. Qg4 Qa1+ 49. Kg2 Qe5 50. Kf1 h6 51. gxh6+ Kxh6 52. h5 gxh5 53. Qg8 Qa1+ 54. Kg2 Qg7+ 55. Qxg7+ Kxg7 56. Bxh5 Kf6 57. Kf3 a5 58. bxa5 Bxa3 59. Ke4 Bb4 60. Be2 Bxa5 61. d6 Ke6 62. Bc4+ Kxd6 63. Bxf7 Bb6 64. f4 Ke7 65. Bd5 Kf6 66. Bxb7 Bc7 67. f5 Bb8 68. Bc8 Bc7 69. Be6 Bb8 70. Kd5 Bc7 71. Kc6 Bg3 72. Kd7 Bh4 73. Ke8 Bg5 74. Kf8 Bf4 75. Kg8 Bg3 76. Kf8 Bf4 77. Ke8 Be5 78. Kd7 Bf4 79. Kc6 Bg5 80. Kd5 Bh6 81. Ke4 Bg7 82. Kf3 Bh6 83. Kg4 Bg7 84. Kh5 Bf8 85. Bd7 Bg7 86. Bc8 Bf8 87. Kg4 Bg7 88. Bd7 Bf8 89. Be6 Bg7 90. Bd7 Bf8 91. Be6 Bg7 1/2-1/2

[Event "November 21 Late 2023"]
[Site "https://www.chess.com"]
[Date "2023.11.21"]
[Round "3"]
[White "Jarmula, Lukasz"]
[Black "Theodorou, Nikolas"]
[Result "0-1"]
[Board "7"]
[TimeControl "180+1"]
[WhiteFideId "1160664"]
[BlackFideId "4262875"]
[WhiteElo "2372"]
[BlackElo "2525"]
[WhiteTeam "POL"]
[BlackTeam "GRE"]
[WhiteClock "0:00:02"]
[BlackClock "0:00:05"]

1. c4 Nf6 2. Nc3 g6 3. e4 d6 4. d4 Bg7 5. Nf3 O-O 6. Bd3 Nc6 7. h3 e5 8. d5 Nd4 9. Be3 Nh5 10. Bxd4 exd4 11. Ne2 c5 12. Qc2 Re8 13. O-O-O b5 14. cxb5 a6 15. b6 Qxb6 16. g4 Nf6 17. Ng3 Rb8 18. Bc4 Nxe4 19. Rhe1 Nf6 20. g5 Rxe1 21. Rxe1 Nd7 22. Re8+ Nf8 23. b3 Bxh3 24. Re7 Qd8 25. Qe2 Bg4 26. Ra7 Nd7 27. Qe4 Bxf3 28. Qxf3 Qxg5+ 29. Kb1 Ne5 30. Qe2 h5 31. Ne4 Qg1+ 32. Qf1 Qxf1+ 33. Bxf1 Bf8 34. Rxa6 Rd8 35. a4 h4 36. a5 Rb8 37. Kc2 d3+ 38. Kb2 c4 39. Rb6 Rxb6 40. axb6 cxb3 41. b7 Nd7 42. Nf6+ Nxf6 43. b8=Q d2 44. Qxb3 Ne4 45. Qd1 Bh6 46. Qe2 Nxf2 47. Qe8+ Kg7 48. Be2 h3 49. Qd8 Bf4 50. Qh4 Be5+ 51. Kc2 h2 52. Qxf2 h1=Q 53. Kxd2 Qxd5+ 0-1

[Event "November 21 Late 2023"]
[Site "https://www.chess.com"]
[Date "2023.11.21"]
[Round "3"]
[White "Hakobyan, Aram"]
[Black "Krzyzanowski, Marcin"]
[Result "0-1"]
[Board "8"]
[TimeControl "180+1"]
[WhiteFideId "13306677"]
[BlackFideId "1132199"]
[WhiteElo "2584"]
[BlackElo "2471"]
[WhiteTeam "ARM"]
[BlackTeam "POL"]
[WhiteClock "0:00:00"]
[BlackClock "0:00:40"]

1. e4 c5 2. Nf3 d6 3. Bb5+ Bd7 4. Bxd7+ Qxd7 5. O-O Nf6 6. Re1 Nc6 7. c3 e6 8. d4 cxd4 9. cxd4 d5 10. e5 Ng8 11. Nc3 h5 12. Bg5 Nh6 13. Rc1 Nf5 14. a3 Be7 15. Bxe7 Qxe7 16. Ne2 g5 17. Ng3 Ng7 18. Qa4 Rc8 19. Rc3 g4 20. Nd2 h4 21. Ne2 Nf5 22. Rec1 Qg5 23. Nf1 Kf8 24. Ne3 Kg7 25. Nxf5+ exf5 26. Qd1 Rc7 27. b4 a6 28. R1c2 Re7 29. Qc1 Qxc1+ 30. Rxc1 f6 31. exf6+ Kxf6 32. Nf4 Rd8 33. Rd1 Re4 34. g3 h3 35. Kf1 Nxd4 36. Rcd3 Nf3 37. Nxd5+ Rxd5 38. Rxd5 Nxh2+ 39. Kg1 Nf3+ 40. Kh1 Re2 41. Rf1 f4 42. gxf4 g3 43. Rg5 Rxf2 0-1

[Event "November 21 Late 2023"]
[Site "https://www.chess.com"]
[Date "2023.11.21"]
[Round "3"]
[White "Schnaider, Ilan"]
[Black "Esipenko, Andrey"]
[Result "0-1"]
[Board "9"]
[TimeControl "180+1"]
[WhiteFideId "169013"]
[BlackFideId "24175439"]
[WhiteElo "2373"]
[BlackElo "2615"]
[WhiteTeam "ARG"]
[BlackTeam "FID"]
[WhiteClock "0:00:00"]
[BlackClock "0:00:44"]

1. e4 e5 2. Nf3 Nc6 3. Bc4 Nf6 4. d3 Be7 5. O-O O-O 6. a4 d6 7. a5 Be6 8. a6 b6 9. Nbd2 Bxc4 10. Nxc4 Qc8 11. Ne3 Re8 12. c3 Bf8 13. b4 b5 14. Re1 Rb8 15. Nd5 Nxd5 16. exd5 Ne7 17. Qb3 Rb6 18. Qa2 Nf5 19. Bd2 c6 20. dxc6 Qxc6 21. c4 h6 22. Rec1 g5 23. h3 Bg7 24. cxb5 Qxb5 25. Rc7 Re7 26. Rc8+ Kh7 27. Qc2 Rxa6 28. Re1 Qb7 29. Nh2 Nd4 30. Qc4 d5 31. Qc5 Ra2 32. Be3 Rc2 33. Qxc2 Nxc2 34. Rxc2 Qxb4 35. Rec1 Qb5 0-1

[Event "November 21 Late 2023"]
[Site "https://www.chess.com"]
[Date "2023.11.21"]
[Round "3"]
[White "Grischuk, Alexander"]
[Black "Trost, Edvin"]
[Result "1-0"]
[Board "10"]
[TimeControl "180+1"]
[WhiteFideId "4126025"]
[BlackFideId "1729519"]
[WhiteElo "2699"]
[BlackElo "2385"]
[WhiteTeam "RUS"]
[BlackTeam "SWE"]
[WhiteClock "0:00:44"]
[BlackClock "0:00:00"]

1. d4 Nf6 2. c4 e6 3. Bg5 d5 4. e3 h6 5. Bh4 Bb4+ 6. Nc3 O-O 7. cxd5 exd5 8. Bd3 Be6 9. Ne2 c5 10. a3 Bxc3+ 11. bxc3 Nbd7 12. O-O Qa5 13. f3 Rfe8 14. Kh1 Rac8 15. a4 a6 16. Rb1 b6 17. h3 Nh7 18. Be1 c4 19. Bc2 f5 20. Nf4 Rcd8 21. Qd2 Bf7 22. Bxf5 Qxa4 23. Bxd7 Qxd7 24. Rxb6 a5 25. Bf2 a4 26. Ra1 Rb8 27. Qb2 Qc7 28. Rb4 Rxb4 29. Qxb4 Ra8 30. Rxa4 Rb8 31. Qa3 Rb1+ 32. Kh2 g5 33. Ra7 Rb7 34. Rxb7 Qxb7 35. Ne2 Qb1 36. Bg3 Qc2 37. Qa8+ Kg7 38. Be5+ Nf6 39. Qc6 Qxe2 40. Qxf6+ Kf8 41. Qxh6+ Ke8 42. Qxg5 Qd2 43. Bd6 Kd7 44. Qe7+ Kc6 45. Qc7+ Kb5 46. Qxf7 Ka4 47. Qxd5 Kb3 48. Bb4 Qc2 49. Qe4 Qd2 50. d5 Ka2 51. Qd4 Qc2 52. d6 Kb1 53. d7 1-0

[Event "November 21 Late 2023"]
[Site "https://www.chess.com"]
[Date "2023.11.21"]
[Round "3"]
[White "Djokic, Mihailo"]
[Black "Xiong, Jeffery"]
[Result "0-1"]
[Board "11"]
[TimeControl "180+1"]
[WhiteFideId "976440"]
[BlackFideId "2047640"]
[WhiteElo "2265"]
[BlackElo "2726"]
[WhiteTeam "SRB"]
[BlackTeam "USA"]
[WhiteClock "0:00:27"]
[BlackClock "0:00:45"]

1. e4 c5 2. Nf3 d6 3. d4 cxd4 4. Nxd4 Nf6 5. Nc3 a6 6. Be2 e5 7. Nf3 Be7 8. Bg5 Nbd7 9. Nd2 Nc5 10. Bxf6 Bxf6 11. Nc4 Be7 12. Nd5 Nxe4 13. Bf3 Nc5 14. b4 Ne6 15. Nxe7 Kxe7 16. O-O Rb8 17. Re1 b5 18. Ne3 Kf8 19. Nf5 Rb6 20. Qd2 Ng5 21. Bg4 h5 22. Rxe5 hxg4 23. Rae1 Ne6 24. Rd5 Rh5 25. Rxd6 Rxd6 26. Nxd6 Bb7 27. Rd1 Rd5 0-1

[Event "November 21 Late 2023"]
[Site "https://www.chess.com"]
[Date "2023.11.21"]
[Round "3"]
[White "Deac, Bogdan-Daniel"]
[Black "Annaberdiyev, Meylis"]
[Result "1/2-1/2"]
[Board "12"]
[TimeControl "180+1"]
[WhiteFideId "1226380"]
[BlackFideId "14000563"]
[WhiteElo "2641"]
[BlackElo "2405"]
[WhiteTeam "ROU"]
[BlackTeam "TKM"]
[WhiteClock "0:00:19"]
[BlackClock "0:00:17"]

1. d4 Nf6 2. c4 e6 3. Nf3 d5 4. g3 Bb4+ 5. Nc3 O-O 6. Bg2 dxc4 7. O-O Nc6 8. Qa4 Rb8 9. Ne5 Qxd4 10. Nxc6 bxc6 11. Be3 Qe5 12. Bxa7 Bxc3 13. bxc3 Ra8 14. Bxc6 Bd7 15. Bxd7 Nxd7 16. Qxd7 Rxa7 17. Qd4 Qxd4 18. cxd4 Rfa8 19. Rfb1 g6 20. Rb2 Ra4 21. e3 c3 22. Rc2 Rc4 23. a3 c5 24. dxc5 Rxc5 25. Kf1 Kf8 26. Ke2 Ke7 27. Kd1 Rd8+ 28. Ke1 Ra8 29. a4 Rc4 30. a5 Ra6 31. Kd1 Rc5 32. Rca2 c2+ 33. Kc1 h5 34. h4 Kf6 35. Ra4 e5 36. R1a2 Kf5 37. f3 f6 38. e4+ Ke6 39. R4a3 g5 40. Ra4 gxh4 41. gxh4 f5 42. R4a3 fxe4 43. fxe4 Kf6 44. Ra4 Ke6 45. R4a3 Kf6 46. Ra1 Ke6 47. R1a2 1/2-1/2

[Event "November 21 Late 2023"]
[Site "https://www.chess.com"]
[Date "2023.11.21"]
[Round "3"]
[White "Bortnyk, Mykola"]
[Black "Hamitevici, Vladimir"]
[Result "1-0"]
[Board "13"]
[TimeControl "180+1"]
[WhiteFideId "14120836"]
[BlackFideId "13902393"]
[WhiteElo "2592"]
[BlackElo "2405"]
[WhiteTeam "UKR"]
[BlackTeam "MDA"]
[WhiteClock "0:00:32"]
[BlackClock "0:00:04"]

1. e4 d6 2. d4 g6 3. Nf3 Bg7 4. Bc4 e6 5. h4 h6 6. Qe2 a6 7. Bb3 Ne7 8. c4 Nec6 9. Be3 e5 10. dxe5 dxe5 11. Nc3 Bg4 12. Qd2 Bxf3 13. Qxd8+ Nxd8 14. gxf3 Nbc6 15. O-O-O Ne6 16. Ba4 Nd4 17. f4 O-O-O 18. fxe5 Bxe5 19. f4 Bg7 20. e5 Nf5 21. Bf2 Ncd4 22. Nd5 Ne6 23. Bc2 c6 24. Bxf5 cxd5 25. Bxe6+ fxe6 26. cxd5 exd5 27. Rhg1 g5 28. hxg5 hxg5 29. Rxg5 Bh6 30. Rg4 Rhf8 31. Rd4 Rf5 32. Kc2 Bf8 33. Bh4 Rd7 34. Rg8 Kc7 35. Bg5 Bc5 36. Rd3 Rh7 37. Rxd5 Rh2+ 38. Rd2 Rh3 39. a3 Be3 40. Rg7+ Kc6 41. Rd6+ Kc5 42. Rc7+ Kb5 43. Rxb7+ 1-0

[Event "November 21 Late 2023"]
[Site "https://www.chess.com"]
[Date "2023.11.21"]
[Round "3"]
[White "Lizak, Peter"]
[Black "Demchenko, Anton"]
[Result "1-0"]
[Board "14"]
[TimeControl "180+1"]
[WhiteFideId "731595"]
[BlackFideId "4160258"]
[WhiteElo "2420"]
[BlackElo "2545"]
[WhiteTeam "HUN"]
[BlackTeam "SLO"]
[WhiteClock "0:00:30"]
[BlackClock "0:00:02"]

1. d4 Nf6 2. Nc3 d6 3. e4 g6 4. Nf3 Bg7 5. Bc4 O-O 6. O-O Bg4 7. h3 Bxf3 8. Qxf3 Nc6 9. Rd1 e5 10. dxe5 Nxe5 11. Qe2 Nxc4 12. Qxc4 Re8 13. Bg5 h6 14. Bxf6 Bxf6 15. Nd5 c6 16. Nxf6+ Qxf6 17. Qd4 Qxd4 18. Rxd4 Rad8 19. Rad1 Re6 20. f3 Kf8 21. Kf2 Ke7 22. c4 Re5 23. f4 Ra5 24. a3 f6 25. R1d3 g5 26. b4 Ra4 27. e5 fxe5 28. fxe5 d5 29. cxd5 Rxd5 30. Rxd5 cxd5 31. Rxd5 Rxa3 32. Rc5 Ke6 33. Rc7 b6 34. Rc6+ Kxe5 35. Rxh6 Ra4 36. Rh7 a6 37. Ra7 Kf4 38. g3+ Ke4 39. h4 Ra2+ 40. Kg1 g4 41. Rf7 a5 42. bxa5 bxa5 43. h5 Rb2 44. Rf4+ Ke3 45. Rxg4 Rb8 46. Kg2 Ra8 47. Ra4 Kd3 48. g4 Kc3 49. Kg3 Kb3 50. Ra1 a4 51. g5 Kb2 52. Rf1 a3 53. g6 Rc8 54. g7 a2 55. Rf2+ Rc2 56. g8=Q Rxf2 57. Qg7+ Kb1 58. Kxf2 a1=Q 1-0

[Event "November 21 Late 2023"]
[Site "https://www.chess.com"]
[Date "2023.11.21"]
[Round "3"]
[White "Matlakov, Maxim"]
[Black "Krishnan, Varun"]
[Result "1-0"]
[Board "15"]
[TimeControl "180+1"]
[WhiteFideId "4168003"]
[BlackFideId "5054508"]
[WhiteElo "2638"]
[BlackElo "2341"]
[WhiteTeam "RUS"]
[BlackTeam "USA"]
[WhiteClock "0:00:57"]
[BlackClock "0:01:07"]

1. d4 Nf6 2. Nf3 g6 3. c4 Bg7 4. Nc3 O-O 5. Bg5 c5 6. e3 cxd4 7. Nxd4 Nc6 8. Be2 d6 9. O-O Bd7 10. Rc1 Rc8 11. Bh4 Qa5 12. Qd2 Nxd4 13. exd4 a6 14. Rfd1 b5 15. c5 dxc5 16. dxc5 Be6 17. Bxf6 Bxf6 18. Ne4 Qxa2 19. Nxf6+ exf6 20. b4 Qxd2 21. Rxd2 Rfd8 22. Rxd8+ Rxd8 23. Bf3 Bd5 24. Rd1 a5 25. Rxd5 Re8 26. Kf1 axb4 27. Rd4 b3 28. Rb4 Rc8 29. c6 Kf8 30. Rxb3 Ke7 31. Rxb5 Kd6 32. Rb7 Rc7 33. Rxc7 Kxc7 34. Ke2 f5 35. Kd3 g5 36. Kd4 f6 37. Kc5 g4 38. Bd5 h5 39. g3 f4 40. gxf4 h4 41. Be6 g3 42. fxg3 h3 43. Bxh3 f5 44. Bxf5 Kb8 45. Kb6 Ka8 46. Bg4 Kb8 47. c7+ Ka8 48. Bf3# 1-0

[Event "November 21 Late 2023"]
[Site "https://www.chess.com"]
[Date "2023.11.21"]
[Round "3"]
[White "Elsa167"]
[Black "Jakubowski, Krzysztof"]
[Result "0-1"]
[Board "16"]
[TimeControl "180+1"]
[BlackFideId "1112848"]
[WhiteElo "2959"]
[BlackElo "2369"]
[BlackTeam "POL"]
[WhiteClock "0:01:13"]
[BlackClock "0:01:13"]

1. d4 Nf6 2. c4 e6 3. Nf3 b6 4. Bf4 Bb7 5. e3 Bb4+ 6. Nfd2 O-O 7. a3 Bxd2+ 8. Qxd2 c5 9. dxc5 bxc5 10. Nc3 d5 11. cxd5 exd5 12. Bd3 d4 13. Nb5 dxe3 14. fxe3 Ba6 15. O-O-O Bxb5 16. Bxh7+ Kxh7 17. Qc2+ Kg8 18. Rxd8 Rxd8 19. Bg5 Nbd7 20. Rd1 Re8 21. Kb1 Rac8 22. h4 Bc6 23. g4 Be4 0-1

[Event "November 21 Late 2023"]
[Site "https://www.chess.com"]
[Date "2023.11.21"]
[Round "3"]
[White "Krysa, Leandro"]
[Black "Chigaev, Maksim"]
[Result "1-0"]
[Board "17"]
[TimeControl "180+1"]
[WhiteFideId "116807"]
[BlackFideId "4108116"]
[WhiteElo "2495"]
[BlackElo "2561"]
[WhiteTeam "ARG"]
[BlackTeam "ESP"]
[WhiteClock "0:00:18"]
[BlackClock "0:00:04"]

1. e4 c5 2. Nf3 d6 3. d4 cxd4 4. Nxd4 Nf6 5. Nc3 g6 6. Be2 Bg7 7. Be3 Nc6 8. O-O O-O 9. Qd2 Bd7 10. f3 a6 11. a4 Rc8 12. Rfd1 Ne5 13. b3 Qa5 14. Nd5 Nxd5 15. Qxa5 Nxe3 16. Rd2 Nc6 17. Nxc6 Rxc6 18. Qg5 Bxa1 19. Qxe3 Bc3 20. Rd1 Ba5 21. Qg5 Bb6+ 22. Kf1 f6 23. Bc4+ Kg7 24. Qd5 Rc7 25. a5 Ba7 26. h4 Be8 27. Qd2 h5 28. g3 Rc5 29. Kg2 Bc6 30. Qb4 f5 31. Bd5 Rxc2+ 32. Kh3 Bc5 33. Qe1 Bd7 34. e5 f4+ 35. e6 Bb5 36. Rd2 Rc3 37. Qa1 Bb4 38. Rc2 Rc8 39. Bc4 Bxc4 40. Rxc3 Bxc3 41. Qxc3+ Kh7 42. bxc4 fxg3 43. Kxg3 Rc5 44. Qb4 1-0